Map: [EWC] Goldenaura

Players

Reynor - Winner!

  • Race: Zerg Zerg
  • Spawn Location: 12:00

Cure

  • Race: Terran Terran
  • Spawn Location: 5:00

Event: Esports World Cup 2024

VOD

Have the link to the VOD?

Description

Time

  • Played on: Aug. 14, 2024, 12:34 p.m.
  • Length: 12:06

All games in this series

Show
View Real Time Build Order
Export as new Build Order

Reynor Zerg - Winner!

Build Orders: Hatch First 

Get SALT Encoding   

  12  0:00  Drone  
  13  0:12  Overlord  
  13  0:17  Drone  
  14  0:30  Drone  
  14  0:31  Drone  
  16  0:48  Hatchery  
  15  0:52  Drone  
  15  0:55  Drone  
  17  0:59  Drone  
  18  1:09  Extractor  
  17  1:14  Spawning Pool  
  17  1:17  Drone  
  17  1:20  Drone  
  18  1:28  Drone  
  19  1:39  Drone  
  20  1:49  Overlord  
  20  2:00  Queen x2  
  24  2:01  Zergling x4  
  26  2:10  Drone  
  26  2:11  Drone  
  28  2:24  Drone x2  
  30  2:30  Hatchery  
  30  2:34  Drone x2  
  31  2:42  Queen  
  33  2:46  Metabolic Boost  
  32  2:51  Overlord  
  32  2:54  Zergling x2  
  32  2:58  Zergling x4  
  35  3:09  Queen, Overlord  
  35  3:12  Zergling x2  
  38  3:13  Zergling x2  
  38  3:18  Zergling x4  
  40  3:22  Zergling x4  
  41  3:27  Queen  
  41  3:31  Zergling x2  
  44  3:36  Overlord  
  44  3:37  Zergling x2  
  45  3:42  Drone x2  
  45  3:43  Drone  
  48  3:50  Drone x3  
  51  3:55  Zergling x2  
  51  3:56  Zergling x2  
  51  3:58  Overlord  
  51  4:01  Drone  
  54  4:08  Zergling x2  
  54  4:09  Zergling x2  
  54  4:14  Drone x2  
  54  4:15  Drone  
  53  4:18  Drone  
  53  4:19  Queen  
  53  4:21  Drone  
  53  4:22  Drone  
  57  4:24  Drone  
  57  4:25  Drone  
  57  4:28  Drone  
  57  4:29  Drone  
  61  4:33  Overlord  
  61  4:36  Queen  
  63  4:40  Drone x2  
  63  4:42  Drone  
  66  4:46  Overlord  
  66  4:49  Lair  
  66  4:52  Drone  
  67  4:56  Drone x2, Baneling Nest  
  67  4:57  Drone  
  69  5:05  Drone x3  
  69  5:06  Drone x2, Overlord  
  74  5:10  Drone x3  
  74  5:12  Extractor  
  74  5:14  Drone  
  77  5:17  Queen  
  79  5:22  Zergling x6  
  79  5:25  Drone x2, Extractor  
  79  5:27  Overlord, Evolution Chamber  
  82  5:29  Zergling x4  
  82  5:30  Zergling x2  
  85  5:36  Drone x2  
  85  5:40  Zergling x4  
  89  5:44  Hatchery  
  89  5:45  Overlord  
  89  5:46  Zergling x4  
  89  5:48  Centrifugal Hooks  
  88  5:52  Zergling x8  
  88  5:55  Overlord  
  90  5:58  Zergling x2  
  90  6:00  Overlord  
  90  6:03  Zerg Ground Armor Level 1  
  90  6:06  Drone x3  
  90  6:07  Drone  
  90  6:10  Queen, Extractor  
  90  6:11  Overlord  
  95  6:13  Zergling x2  
  95  6:17  Drone  
  96  6:18  Zergling x2, Evolution Chamber  
  96  6:23  Zergling x8  
  99  6:31  Baneling x4  
  98  6:33  Zergling x6  
  98  6:35  Zergling x8  
  98  6:36  Zergling x4  
  98  6:38  Baneling x2  
  107  6:41  Queen x2  
  107  6:46  Zergling x6  
  114  6:53  Zergling x8  
  113  6:54  Zergling x2  
  113  6:56  Zergling x2  
  113  7:00  Zerg Melee Weapons Level 1  
  103  7:01  Queen  
  103  7:04  Zergling x14  
  112  7:10  Drone x3  
  112  7:12  Baneling x11  
  112  7:13  Zergling x2  
  116  7:16  Overlord  
  116  7:19  Baneling x4  
  116  7:20  Zergling x6  
  118  7:23  Queen  
  118  7:28  Zergling x4  
  118  7:29  Zergling x4  
  123  7:31  Zergling x4  
  125  7:38  Zergling x10  
  130  7:47  Zergling x6  
  130  7:51  Zergling x4  
  130  7:54  Zergling x2  
  130  7:55  Zergling x6  
  130  7:56  Queen  
  130  7:58  Zerg Ground Armor Level 2  
  132  7:59  Overlord  
  132  8:00  Zergling x8  
  136  8:07  Overlord  
  136  8:10  Baneling x13  
  136  8:17  Zergling x2  
  136  8:18  Zergling x14  
  144  8:23  Overlord  
  144  8:24  Drone, Infestation Pit  
  144  8:31  Zergling x2  
  144  8:32  Zergling x14  
  151  8:36  Zergling x2  
  152  8:41  Overlord  
  152  8:44  Drone x2  
  152  8:47  Drone x2  
  156  8:50  Zergling x2  
  156  8:53  Zergling x6  
  156  8:54  Baneling x2  
  156  8:55  Baneling x8  
  160  8:57  Overlord  
  160  8:58  Hatchery  
  160  9:02  Zergling x8  
  163  9:03  Zergling x2  
  163  9:05  Overlord  
  163  9:08  Zergling x8  
  167  9:11  Baneling x2  
  167  9:13  Overlord  
  135  9:24  Zergling x22  
  135  9:28  Zergling x4  
  143  9:32  Hive, Zerg Melee Weapons Level 2  
  143  9:33  Zergling x4  
  143  9:34  Zergling x2  
  143  9:38  Zergling x8  
  149  9:44  Baneling  
  149  9:45  Baneling x6  
  149  9:46  Zergling x2  
  149  9:48  Zergling x6  
  149  9:52  Hydralisk Den  
  152  9:53  Zergling x6  
  152  9:58  Zergling x6  
  144  10:13  Baneling x5  
  144  10:16  Zergling x24  
  154  10:24  Hydralisk x7  
  165  10:30  Muscular Augments  
  165  10:31  Zergling x6  
  165  10:33  Zergling x2  
  165  10:34  Zergling x6  
  172  10:39  Drone x4  
  172  10:41  Extractor  
  174  10:55  Zergling x26  
  153  11:01  Zergling x8  
  153  11:03  Baneling x6  
  141  11:04  Zergling x2  
  141  11:09  Zergling x20  
  152  11:15  Hydralisk  
  154  11:20  Hydralisk  
  154  11:21  Zergling x12  
  154  11:24  Hydralisk  
  161  11:30  Hydralisk  
  161  11:32  Hydralisk x3  
  147  11:33  Zergling x2  
  147  11:37  Viper  
  154  11:41  Zergling x14  
  161  11:51  Drone x2  
Show
View Real Time Build Order
Export as new Build Order

Cure Terran 

Build Orders:  

Get SALT Encoding   

  12  0:00  SCV  
  13  0:12  SCV  
  14  0:17  Supply Depot  
  14  0:24  SCV  
  15  0:39  SCV  
  15  0:41  Barracks  
  16  0:43  Refinery  
  16  0:51  SCV  
  17  0:59  Barracks  
  17  1:03  SCV  
  18  1:15  SCV  
  19  1:20  Barracks  
  19  1:27  Reaper  
  20  1:36  Orbital Command  
  20  1:44  Refinery  
  20  1:46  Reaper  
  21  1:54  Supply Depot  
  21  2:02  SCV  
  21  2:03  Reaper  
  23  2:16  SCV, Reaper  
  23  2:18  Supply Depot  
  25  2:25  Reaper  
  25  2:28  SCV  
  27  2:35  Reaper  
  28  2:40  SCV  
  29  2:49  Reaper  
  30  2:52  SCV  
  31  2:59  Reaper  
  31  3:01  Command Center  
  31  3:05  SCV  
  33  3:07  Reaper  
  34  3:21  SCV  
  34  3:23  Barracks Reactor  
  35  3:29  Engineering Bay  
  35  3:33  SCV  
  36  3:35  Barracks Tech Lab  
  36  3:41  Barracks Reactor  
  36  3:46  SCV  
  37  3:53  Marine  
  37  3:54  Stimpack  
  38  3:58  SCV  
  39  4:11  Factory  
  39  4:12  Marine x2  
  39  4:13  SCV  
  38  4:18  Orbital Command  
  38  4:19  Marine x3  
  38  4:24  Terran Infantry Weapons Level 1  
  36  4:25  SCV, Refinery  
  37  4:32  Marine x2  
  37  4:37  SCV, Marine x2  
  42  4:42  Supply Depot  
  43  4:46  SCV  
  43  4:49  SCV  
  43  4:50  Marine x2  
  47  4:54  Marine x2  
  47  4:56  Starport  
  47  4:58  SCV  
  47  4:59  Factory Reactor  
  49  5:01  SCV, Marine  
  49  5:06  Supply Depot  
  51  5:10  SCV  
  51  5:11  Marine x2  
  51  5:13  SCV, Marine  
  56  5:19  Marine x2  
  58  5:22  SCV  
  58  5:25  SCV  
  58  5:26  Refinery  
  60  5:29  Supply Depot  
  60  5:34  SCV  
  61  5:37  SCV  
  61  5:39  Combat Shield, Marine x2  
  61  5:40  Medivac x2  
  61  5:41  Marine  
  69  5:43  Factory Tech Lab  
  69  5:48  Supply Depot, SCV  
  70  5:51  SCV  
  71  5:58  Marine x4  
  71  5:59  Marine  
  71  6:00  SCV  
  71  6:03  SCV  
  76  6:09  Supply Depot, Siege Tank  
  79  6:16  Marine x4  
  79  6:17  Marine  
  84  6:19  Terran Infantry Armor Level 1  
  84  6:27  Supply Depot  
  84  6:34  Marine x4  
  84  6:38  Marine  
  89  6:40  Supply Depot  
  89  6:42  Siege Tank  
  92  6:48  Medivac x2  
  92  6:52  Marine  
  97  6:59  Marine x4  
  91  7:03  Armory  
  91  7:10  Marine  
  91  7:14  Siege Tank  
  95  7:16  Marine x4  
  95  7:19  Supply Depot  
  95  7:20  Liberator  
  102  7:27  Marine  
  103  7:34  Marine x4  
  103  7:35  Supply Depot x2  
  107  7:45  Marine  
  98  7:52  Marine x4  
  98  7:56  Siege Tank, Liberator  
  102  8:02  Liberator  
  102  8:03  Marine  
  106  8:10  Marine x4  
  106  8:12  Terran Infantry Weapons Level 2  
  110  8:15  Terran Vehicle Weapons Level 1  
  110  8:20  Barracks x2  
  110  8:21  Marine  
  111  8:29  Siege Tank  
  112  8:34  Marine x2  
  112  8:35  Marine x2  
  112  8:39  Marine  
  117  8:42  Liberator  
  117  8:45  Liberator  
  123  8:52  Supply Depot, Marine x4  
  127  8:57  Supply Depot  
  127  9:02  Siege Tank  
  130  9:07  Barracks Reactor x2  
  130  9:11  Marine x4  
  130  9:14  Marine  
  105  9:29  Marine x4  
  103  9:32  Marine  
  103  9:33  Liberator  
  107  9:45  Marine x4  
  111  9:47  Marine x2, Liberator  
  111  9:48  Siege Tank  
  119  9:54  Marine x3  
  107  10:03  Marine x4  
  107  10:04  Marine  
  111  10:15  Marine x4  
  111  10:21  Marine x2  
  117  10:25  Liberator  
  117  10:28  Siege Tank  
  122  10:32  Marine x2  
  124  10:42  Liberator  
  127  10:43  Marine x2  
  113  10:57  Marine x6  
  113  11:01  Marine x3  
  114  11:14  Marine x2  
  114  11:15  Marine  
  114  11:17  Medivac  
  119  11:19  Marine x3  
  122  11:32  Marine x6  
  101  11:38  Marine x3  
Tags
 
Add a new tag
Caveats
  • Supply blocks, unpowered buildings, or Contaminate may cause inaccurate times.
  • Supply counts are checked every 10 seconds.